 Dungeon Crawl Stone Soup version 0.28-a0-1518-gbe868bca14 (webtiles) character file.

Game seed: 4411172765051502072

9 cyrus the Bolt Thrower (level 2, -2/25 HPs)
             Began as a Minotaur Hunter on Jan 16, 2022.
             Slain by an orc (3 damage)
             ... on level 2 of the Dungeon on Jan 17, 2022.
             The game lasted 00:04:56 (575 turns).

cyrus the Bolt Thrower (Minotaur Hunter)             Turns: 575, Time: 00:04:56

Health: -2/25      AC:  3    Str: 16    XL:     2   Next: 3%
Magic:  1/1        EV: 12    Int:  8    God:
Gold:   3          SH:  0    Dex: 10    Spells: 1/1 levels left

rFire   . . .      SeeInvis .   a - +1 hand crossbow
rCold   . . .      Faith    .   (no shield)
rNeg    . . .      Spirit   .   c - +0 leather armour
rPois   .          Reflect  +   (helmet restricted)
rElec   .          Harm     .   (no cloak)
rCorr   .          Rampage  .   (no gloves)
Will    .....                   (no boots)
Stlth   +.........              e - amulet of reflection
HPRegen 0.08/turn               (no ring)
MPRegen 0.07/turn               (no ring)

@: confused
A: horns 2, retaliatory headbutt
a: no special abilities


You were on level 2 of the Dungeon.
You visited 1 branch of the dungeon, and saw 2 of its levels.

You collected 3 gold pieces.

Inventory:

Hand Weapons
 a - a +1 hand crossbow (weapon)
 b - a +0 short sword
Missiles
 d - 16 bolts (quivered ammo)
Armour
 c - a +0 leather armour (worn)
 g - a +0 leather armour
Jewellery
 e - an amulet of reflection (around neck)
Potions
 f - a potion of invisibility {unknown}
 h - a potion of heal wounds {unknown}


   Skills:
 + Level 2.4 Fighting
 + Level 4.6 Crossbows
 + Level 0.7 Armour
 + Level 2.5 Dodging
 + Level 0.7 Stealth


You had one spell level left.
You didn't know any spells.
Your spell library was empty.

Dungeon Overview and Level Annotations

Branches:
Dungeon (2/15)

Altars:


Innate Abilities, Weirdness & Mutations

You have a pair of horns on your head.
You reflexively headbutt those who attack you in melee.


Message History

You clumsily bash the giant cockroach but do no damage.
You block the giant cockroach's attack. The giant cockroach closely misses you.
You barely miss the giant cockroach. You headbutt the giant cockroach.
You kill the giant cockroach!
You have reached level 2!
You see here a giant cockroach corpse.
An orc comes into view. It is wielding a +0 falchion.
The orc shouts!
An orc priest, an orc wizard and 3 orcs come into view.
An orc is wielding a +0 dagger and wearing a +0 chain mail of poison resistance.
The orc priest shouts!
The orc shouts! x2; The orc wizard shouts!
The orc shouts!
You open the door.
There is an open door here.
The orc wizard points at you and mumbles some strange words.
You are confused.
The orc wizard points at you and mumbles some strange words.
The magic dart hits you.
You're too confused to move!
The orc wizard casts a spell at you.
You are more confused.
The orc wizard casts a spell.
The orc wizard flickers and vanishes!
Deactivating autopickup; reactivate with Ctrl-A.
You're too confused to move!
The orc hits you with a +0 falchion.
* * * LOW HITPOINT WARNING * * *
You bump into the rock wall.
The orc closely misses you. Something hits you but does no damage.
The orc hits you with a +0 falchion.
* * * LOW HITPOINT WARNING * * *
You clumsily bash the orc but do no damage.
The orc hits you but does no damage. Something hits you.
* * * LOW HITPOINT WARNING * * *
The orc barely misses you. The orc closely misses you.
You miss something. Your headbutt misses something.
You feel less confused.
You hear some strange, mumbled words.
You are confused.
The orc hits you with a +0 club.
You die...

##†####.# ##...##
######.# ##.....##
##.#.# ##.......##
####....###.........#
..........'.........+
####....###.........#
##.#.# ##....o..##
#...# ##.oo{o## #.##.
##.o@## #. # ##+## #


You could see an orc priest and 4 orcs.

Vanquished Creatures
  An endoplasm (D:1)
  4 giant cockroaches (D:2)
  A quokka (D:1)
  A ball python (D:1)
7 creatures vanquished.

Notes
Turn   | Place    | Note
-------+----------+-------------------------------------------
     0 | D:1      | cyrus the Minotaur Hunter began the quest for the Orb.
     0 | D:1      | Reached XP level 1. HP: 18/18 MP: 0/0
   539 | D:2      | Reached XP level 2. HP: 15/25 MP: 1/1
   574 | D:2      | HP: 1/25 [something (1)]
   575 | D:2      | Slain by an orc

Illustrated notes

Levels and vault maps discovered:
D:1:      mainiacjoe_arrival_reflecting_pool, layout_loops_corners,
          dreamdust_ecumenical_altar_statues, dk_noncrumbling_4,
          minmay_worlds_worst_comb
D:2:      cheibrodos_pilgrimage, layout_loops_corners, corner_web_ring,
          grunt_ministairs_6, minivault_19, minmay_3d_cube

Action                   || total
-------------------------++-------
Melee: Hand crossbow     ||    28
       Headbutt          ||     4
 Fire: Hand crossbow     ||    10
  Use: Scroll            ||     1
Armor: Leather armour    ||    18
Dodge: Dodged            ||    33
Block: Other             ||    17

Table legend: (Time is in decaauts)
 A = Elapsed time spent in this place.
 B = Non-inter-level travel time spent in this place.
 C = Inter-level travel time spent in this place.
 D = Time resting spent in this place.
 E = Time spent auto-exploring this place.
 F = Levels seen in this place.
 G = Mean time per level.
                   A        B        C        D        E       F      G
               +--------+--------+--------+--------+--------+-----+--------+
         Total |    591 |    591 |      0 |    251 |      0 |   2 |  295.5 |
       Dungeon |    591 |    591 |      0 |    251 |      0 |   2 |  295.5 |
               +--------+--------+--------+--------+--------+-----+--------+

Top non-repeatable levels by time:
     D:1: 532 daAuts
     D:2: 58 daAuts
